Map: Site Delta LE

Players

Neuro

  • Race: Zerg Zerg
  • League: Grandmaster
  • Spawn Location: 5:00

KaoZ - Winner!

  • Race: Terran Terran
  • League: Grandmaster
  • Spawn Location: 11:00

VOD

Have the link to the VOD?

Description

Time

  • Played on: Sept. 7, 2024, 1:53 p.m.
  • Length: 9:43
Show
View Real Time Build Order
Export as new Build Order

Neuro Zerg 

Build Orders: Hatch First 

Get SALT Encoding   

  12  0:00  Drone  
  13  0:12  Overlord  
  13  0:16  Drone  
  14  0:31  Drone x2  
  16  0:48  Hatchery  
  15  0:52  Drone  
  15  0:54  Drone  
  17  0:59  Drone  
  18  1:08  Extractor  
  17  1:14  Spawning Pool  
  17  1:16  Drone  
  17  1:20  Drone  
  18  1:28  Drone  
  19  1:38  Drone  
  20  1:50  Drone  
  21  2:00  Queen  
  21  2:01  Queen  
  25  2:02  Zergling x4  
  27  2:19  Hatchery  
  27  2:22  Overlord  
  26  2:24  Drone  
  26  2:30  Drone, Overlord  
  26  2:33  Drone  
  28  2:42  Drone  
  28  2:43  Drone  
  30  2:48  Metabolic Boost, Drone  
  31  2:55  Drone  
  31  2:56  Drone  
  33  2:58  Queen  
  33  3:04  Overlord  
  35  3:07  Drone  
  36  3:13  Drone x3  
  36  3:18  Drone x2  
  41  3:21  Queen  
  41  3:26  Overlord  
  43  3:38  Roach Warren  
  43  3:39  Zergling x8  
  46  3:47  Drone x2  
  46  3:48  Drone x3  
  51  3:55  Queen, Drone x2  
  53  4:01  Drone  
  56  4:05  Extractor  
  56  4:07  Drone x5  
  60  4:11  Overlord  
  60  4:18  Overlord x2  
  60  4:24  Lair  
  60  4:28  Drone x3  
  60  4:31  Drone x3  
  66  4:34  Overlord  
  66  4:35  Overlord  
  66  4:41  Overlord  
  66  4:44  Roach x2  
  70  4:50  Overlord  
  70  4:51  Overlord  
  70  4:54  Spore Crawler  
  70  4:55  Spore Crawler  
  70  4:58  Drone x2  
  70  5:01  Spore Crawler  
  70  5:03  Drone x2  
  71  5:08  Roach  
  71  5:09  Roach x2  
  71  5:12  Queen  
  79  5:15  Drone x4  
  83  5:22  Evolution Chamber  
  83  5:25  Evolution Chamber  
  80  5:30  Drone x9  
  80  5:32  Overseer  
  89  5:41  Glial Reconstitution  
  89  5:46  Hatchery  
  89  5:49  Overlord  
  88  5:53  Baneling Nest, Drone x6  
  93  6:00  Overlord  
  93  6:01  Drone x5  
  97  6:09  Zerg Ground Armor Level 1, Zerg Melee Weapons Level 1  
  97  6:10  Drone x4  
  101  6:16  Drone x3  
  99  6:21  Drone  
  100  6:31  Drone x5  
  85  6:38  Drone x2  
  85  6:39  Centrifugal Hooks  
  79  6:43  Drone x3  
  79  6:46  Drone x2  
  81  6:49  Drone  
  78  6:59  Drone x4  
  78  7:00  Spore Crawler  
  81  7:08  Drone x2  
  72  7:20  Drone x6  
  72  7:25  Drone x3  
  75  7:30  Drone x2  
  75  7:35  Queen  
  75  7:36  Queen  
  81  7:43  Drone x7  
  88  7:50  Drone x3  
  91  7:52  Drone x3  
  91  7:54  Extractor x2  
  91  7:58  Queen  
  94  7:59  Drone x2  
  94  8:04  Zergling x6  
  99  8:07  Zergling x2  
  99  8:09  Extractor  
  99  8:10  Extractor  
  94  8:14  Zergling x8  
  104  8:20  Zergling x12  
  104  8:30  Zergling x4  
  105  8:40  Zergling x8  
  109  8:46  Zergling x6  
  101  8:48  Zergling x8  
  101  8:52  Zergling x2  
  100  8:56  Baneling x4  
  100  8:57  Zergling x2  
  100  9:01  Hatchery  
  96  9:03  Zergling x4  
  96  9:06  Zergling x2  
  99  9:12  Hatchery  
  99  9:13  Zergling x8  
  99  9:15  Zergling x2  
  103  9:19  Zergling x8  
  102  9:24  Zergling x2  
Show
View Real Time Build Order
Export as new Build Order

KaoZ Terran - Winner!

Build Orders: Hellion Opening, Reaper Expand 

Get SALT Encoding   

  12  0:00  SCV  
  13  0:12  SCV  
  14  0:17  Supply Depot  
  14  0:24  SCV  
  15  0:38  SCV  
  15  0:39  Barracks  
  16  0:43  Refinery  
  16  0:50  SCV  
  17  1:02  SCV  
  18  1:15  SCV  
  19  1:27  Reaper, Orbital Command  
  20  1:39  Command Center  
  20  1:48  Supply Depot  
  20  1:52  SCV  
  21  1:58  Marine  
  22  2:04  SCV  
  22  2:07  Factory  
  23  2:16  SCV  
  23  2:20  Barracks Reactor  
  24  2:28  SCV  
  25  2:40  SCV  
  26  2:44  Command Center  
  26  2:51  Orbital Command  
  26  2:53  SCV  
  27  2:59  Starport  
  27  3:05  SCV  
  28  3:13  Hellion x2  
  28  3:17  SCV x2  
  28  3:19  Marine  
  35  3:29  SCV x2  
  35  3:30  Refinery  
  37  3:35  Hellion x2  
  37  3:39  Viking  
  45  3:41  SCV x2  
  45  3:46  Barracks Tech Lab  
  45  3:53  SCV  
  46  3:56  Orbital Command, SCV  
  46  3:58  Hellion x2  
  51  4:04  Marine  
  51  4:05  Supply Depot, SCV  
  51  4:06  Stimpack  
  51  4:08  SCV  
  54  4:17  SCV  
  54  4:19  Hellion  
  54  4:20  Hellion, SCV  
  54  4:22  Marine  
  61  4:27  SCV  
  61  4:29  SCV  
  63  4:32  Supply Depot, SCV  
  63  4:33  Liberator  
  63  4:36  Refinery  
  67  4:40  Marine  
  67  4:41  SCV  
  67  4:44  Orbital Command  
  69  4:47  Barracks  
  69  4:49  Barracks  
  69  4:54  SCV x2  
  71  5:00  Marine, Factory Reactor  
  71  5:04  Engineering Bay  
  71  5:05  Engineering Bay  
  71  5:06  SCV x2  
  74  5:09  Orbital Command  
  74  5:10  Supply Depot  
  74  5:11  Barracks  
  74  5:13  Barracks, SCV  
  75  5:15  Refinery  
  75  5:18  SCV x2  
  75  5:19  Starport Reactor  
  77  5:25  Marine  
  79  5:30  SCV x2  
  79  5:34  Supply Depot  
  80  5:36  Supply Depot, SCV  
  80  5:42  SCV x2  
  83  5:43  Marine x3  
  83  5:44  Marine  
  83  5:45  Factory Tech Lab  
  83  5:48  SCV  
  88  5:52  Marine  
  88  5:54  SCV x2  
  91  6:00  SCV  
  91  6:01  Marine  
  93  6:06  SCV x2  
  93  6:07  Barracks Reactor x2  
  93  6:08  Medivac x2  
  93  6:09  Siege Tank, Marine x2  
  104  6:12  SCV  
  105  6:18  SCV x2  
  105  6:21  Marine x2  
  109  6:26  Supply Depot  
  109  6:27  Supply Depot  
  109  6:34  SCV x2  
  109  6:41  Marine x2  
  109  6:47  Marine x2, Medivac, SCV x3  
  109  6:48  Marine x3, Command Center, Medivac  
  109  6:49  Siege Tank  
  122  6:57  Marine x2  
  122  6:59  SCV  
  125  7:06  Refinery  
  125  7:07  Refinery, Supply Depot  
  127  7:08  SCV x2  
  127  7:09  Supply Depot, Combat Shield  
  127  7:11  SCV  
  128  7:20  SCV x2  
  117  7:26  Marine  
  117  7:27  Marine x8  
  117  7:28  Siege Tank, Medivac x2  
  130  7:34  Terran Infantry Weapons Level 1, Terran Infantry Armor Level 1  
  130  7:36  SCV  
  131  7:42  Factory  
  131  7:44  Sensor Tower, Marine  
  131  7:45  Marine x2  
  131  7:46  Marine  
  131  7:51  Marine x5  
  136  7:52  Armory  
  140  7:58  Supply Depot  
  140  7:59  Supply Depot  
  140  8:00  Medivac x2  
  140  8:02  Marine  
  145  8:08  SCV  
  145  8:12  Marine  
  147  8:13  Siege Tank  
  147  8:28  Marine  
  147  8:29  Marine x4, Factory Tech Lab  
  152  8:35  Sensor Tower, Marine x3, Barracks x2  
  152  8:36  Barracks  
  152  8:38  Medivac x2  
  152  8:40  Marauder  
  161  8:46  Marine x2  
  161  8:47  Marine x2  
  160  8:48  Planetary Fortress  
  160  8:49  Marine  
  160  8:51  SCV  
  160  8:53  Marine  
  160  8:54  SCV x2  
  162  9:04  SCV  
  163  9:10  Siege Tank, Command Center  
  163  9:11  Siege Tank  
  163  9:16  Marine x2, Marauder  
  172  9:33  Barracks Tech Lab  
  172  9:34  Barracks Tech Lab  
  172  9:36  Barracks Tech Lab  
  179  9:41  Command Center  
Tags
 
Add a new tag
Caveats
  • Supply blocks, unpowered buildings, or Contaminate may cause inaccurate times.
  • Supply counts are checked every 10 seconds.